 Dungeon Crawl Stone Soup version 0.30-a0-1066-g63dfefce0d (webtiles) character file.

Game seed: 14957551613379703512

18409 jasper the Carver (level 12, -6/132 HPs)
             Began as a Djinni Berserker on Apr 12, 2023.
             Was a High Priest of Trog.
             Mangled by an orc warrior
             ... wielding a +0 glaive
             ... led by an orc warlord
              (17 damage)
             ... on level 2 of the Orcish Mines.
             The game lasted 00:17:08 (12287 turns).

jasper the Carver (Djinni Berserker)               Turns: 12287, Time: 00:17:09

Health: -6/132     AC: 12    Str: 16    XL:     12   Next: 94%
Gold:   740        EV: 15    Int: 10    God:    Trog [*****.] SH: 17 Dex: 23

rFire   + + .      SeeInvis +    r - +3 demon blade (venom)
rCold   x . .      Faith    .    I - +0 kite shield
rNeg    . . .      Spirit   .    S - +0 swamp dragon scales
rPois   ∞          Reflect  +    D - +0 helmet
rElec   .          Rampage  .    H - +0 cloak
rCorr   .                        (no gloves)
Will    +....                    (boots unavailable) Stlth
                                 o - amulet of reflection
HPRegen 0.42/turn                t - ring of see invisible
MPRegen 0.00/turn                P - +6 ring of dexterity

@: berserking (expiring), flying, very quick
A: sickness immunity, fire resistance 2, cold vulnerability 1, float, innate
caster, HP casting, extra vitality 1
a: Renounce Religion, Berserk, Trog's Hand, Brothers in Arms


You were on level 2 of the Orcish Mines.
You worshipped Trog.
Trog was extremely pleased with you.
You visited 2 branches of the dungeon, and saw 13 of its levels.

You collected 740 gold pieces.

Inventory:

Hand Weapons
 a - a +0 falchion of freezing
 q - a +2 rapier of draining
 r - a +3 demon blade of venom (weapon)
Missiles
 A - 4 throwing nets
 K - 10 boomerangs (quivered)
 Q - 6 javelins
Armour
 b - a +0 animal skin
 h - a +3 leather armour of cold resistance
 m - a +1 ring mail
 w - a +1 scale mail of fire resistance
 D - a +0 helmet (worn)
 H - a +0 cloak (worn)
 I - a +0 kite shield (worn)
 S - +0 swamp dragon scales (worn)
Jewellery
 j - a ring of flight
 l - a ring of fire
 o - an amulet of reflection (around neck)
 t - a ring of see invisible (left hand)
 P - a +6 ring of dexterity (right hand)
Wands
 x - a wand of paralysis (12)
 G - a wand of mindburst (21)
 M - a wand of digging (8)
 O - a wand of roots (6)
Scrolls
 c - 6 scrolls of blinking
 d - 8 scrolls of teleportation
 y - a scroll of poison
 J - 2 scrolls of immolation
Potions
 e - 2 potions of invisibility
 f - 5 potions of heal wounds
 g - 3 potions of lignification
 k - 3 potions of curing
 n - 3 potions of mutation
 p - 3 potions of attraction
 s - 2 potions of flight
 u - a potion of haste
 z - 2 potions of resistance
 B - a potion of ambrosia
 C - 2 potions of cancellation
 E - a potion of berserk rage
 F - 2 potions of degeneration
 L - 2 potions of brilliance {unknown}
 T - a potion of might {unknown}
Miscellaneous
 i - a condenser vane (inert)


   Skills:
 - Level 8.4 Fighting
 * Level 11.6 Long Blades
 - Level 7.9 Armour
 - Level 8.7 Dodging
 - Level 6.0 Shields
 - Level 7.3 Evocations


You knew the following spells:

 Your Spells              Type           Power      Damage    Failure   Level
a - Kiss of Death         Conj/Necr      0%         2d5       87%         1
b - Momentum Strike       Conj/Tloc      0%         3d8       95%         2
c - Ensorcelled Hibernat  Hex/Ice        0%         N/A       95%         2
d - Inner Flame           Hex/Fire       0%         N/A       99%         3
e - Manifold Assault      Tloc           0%         N/A       100%        4
Your spell library was empty.


Dungeon Overview and Level Annotations

Branches:
Dungeon (11/15)            Temple (0/1) D:7             Orc (2/2) D:9
   Lair: D:8-11         Elf: Orc:2

Altars:
Dithmenos
Hepliaklqana
Nemelex Xobeh
Okawaru
Qazlal
Trog
Wu Jian
Zin


Innate Abilities, Weirdness & Mutations

You are immune to sickness and miasma.
You are immune to poison.
Your flesh is very heat resistant. (rF++)
You are vulnerable to cold. (rC-)
You float through the air rather than walking.
You learn spells naturally, not from books.
Your magical power is your life essence.
You have superior vitality. (+4 MHP)


Message History

The orc warlord hits you with a +1 long sword of holy wrath!
* * * LOW HITPOINT WARNING * * *
You take 13 damage, and have 35/132 hp.
You hit the orc warlord.
The orc warlord looks as sick as possible!
The orc warlord is severely wounded.
You hit the orc warlord.
The orc warlord looks as sick as possible!
The orc warlord is almost dead.
You block the orc warrior's attack.
The orc warlord hits you with a +1 long sword of holy wrath!
* * * LOW HITPOINT WARNING * * *
You take 13 damage, and have 23/132 hp.
You closely miss the orc warlord.
The orc warlord is almost dead.
You slash the orc warlord!
The orc warlord looks as sick as possible!
The orc warlord is almost dead.
You kill the orc warlord!
Trog accepts your kill. You block the orc warrior's attack.
You slice the orc warrior!!
The orc warrior looks as sick as possible!
The orc warrior is severely wounded.
You closely miss the orc warrior.
The orc warrior is severely wounded.
The orc warrior misses you.
The orc warrior hits you from afar with a +0 glaive!
* * * LOW HITPOINT WARNING * * *
You take 12 damage, and have 11/132 hp.
You hit the orc warrior.
You kill the orc warrior!
Trog accepts your kill. You block the orc warrior's attack.
You slash the ogre!
The ogre is moderately wounded.
You barely miss the ogre.
The ogre is moderately wounded.
The orc warrior hits you from afar with a +0 glaive!
You die...

#....o# .. #..o..# ##.# ###
#.)oo.# #...###.## #8...8#
#...##...# #..o).# #....##.## #
#.))# ##...)).##.# #..)# ###
##.....<.....
##.)o###.###...#)))..#.#
#.....#@..#...##))).## #
#....oO#)....##)).)##
##.#..........)....## .. ##
#.###...............# .. .##..
..................# ..
..##................#...... ..#
......#..............#......
...##......#.#...........#...#...
#................................


You could see an orc warrior (strong) and an ogre.

Vanquished Creatures
  2 orc warlords (Orc:2)
  Erolcha (Orc:1)
  A two-headed ogre (D:10)
  A centaur warrior (D:10)
  A boulder beetle (D:10)
  An orc high priest (Orc:2)
  3 orc knights
  Maggie (D:9)
  A gargoyle (D:10)
  Maurice (Orc:1)
  A yaktaur (D:10)
  A komodo dragon (D:10)
  5 trolls
  A hornet (D:8)
  A slime creature (D:10)
  A shadow (D:10)
  3 yaks (D:9)
  4 wyverns
  A wraith (D:10)
  2 steam dragons
  4 vampire mosquitoes (D:10)
  2 wargs (Orc:2)
  A water moccasin (D:9)
  3 ice beasts
  27 orc warriors
  A black bear (D:6)
  3 sky beasts
  5 ogres
  A wolf (D:7)
  4 centaurs
  A phantom (D:7)
  Blork the orc (Orc:2)
  2 kobold brigands (D:7)
  A bullfrog (D:9)
  3 gnoll sergeants
  A scorpion (D:4)
  8 wights
  11 killer bees
  A howler monkey (D:5)
  2 electric eels (D:7)
  14 hounds
  14 orc priests
  A gnoll bouda (D:7)
  An iguana (D:4)
  3 sleepcaps
  12 orc wizards
  Ijyb (D:3)
  26 gnolls
  7 adders
  A shadow imp (D:5)
  A white imp (D:5)
  An ufetubus (D:5)
  2 worms
  2 dart slugs
  61 orcs
  5 bats
  7 endoplasms
  3 giant cockroaches
  7 goblins
  7 hobgoblins
  7 jackals
  9 quokkas
  11 ball pythons
  2 frilled lizards
  9 kobolds
  4 rats
333 creatures vanquished.

Vanquished Creatures (others)
  A wyvern (D:8)
  A wight (D:8)
  An orc wizard (Orc:1)
3 creatures vanquished.

Grand Total: 336 creatures vanquished

Notes
Turn   | Place    | Note
-------+----------+-------------------------------------------
     0 | D:1      | jasper the Djinni Berserker began the quest for the Orb.
     0 | D:1      | Reached XP level 1. HP: 20/20 MP: 0/0
   161 | D:1      | Reached XP level 2. HP: 16/25 MP: 0/0
   271 | D:1      | Found a faded altar of an unknown god.
   281 | D:1      | Reached skill level 3 in Long Blades
   568 | D:1      | Reached XP level 3. HP: 29/30 MP: 0/0
   568 | D:1      | Learned a level 1 spell: Kiss of Death
  1072 | D:2      | Reached ** piety under Trog
  1219 | D:2      | Reached XP level 4. HP: 35/35 MP: 0/0
  1805 | D:3      | Noticed Ijyb
  1813 | D:3      | Killed Ijyb
  1814 | D:3      | Reached XP level 5. HP: 40/40 MP: 0/0
  1814 | D:3      | Learned a level 2 spell: Momentum Strike
  1863 | D:3      | Found a hazy altar of Hepliaklqana.
  2521 | D:4      | Reached skill level 4 in Long Blades
  2529 | D:4      | Reached XP level 6. HP: 35/47 MP: 0/0
  2791 | D:4      | Noticed a sky beast
  2801 | D:4      | Killed a sky beast
  2802 | D:4      | Reached skill level 1 in Evocations
  3342 | D:4      | Found a sparkling altar of Nemelex Xobeh.
  3553 | D:5      | Entered Level 5 of the Dungeon
  3786 | D:5      | Reached XP level 7. HP: 29/52 MP: 0/0
  3786 | D:5      | Learned a level 2 spell: Ensorcelled Hibernation
  3996 | D:5      | Found a glowing silver altar of Zin.
  4153 | D:5      | Reached skill level 5 in Long Blades
  4160 | D:5      | Reached *** piety under Trog
  4221 | D:5      | Reached XP level 8. HP: 58/58 MP: 0/0
  5347 | D:6      | Reached skill level 5 in Fighting
  5391 | D:6      | Reached skill level 6 in Long Blades
  5518 | D:6      | Found a bloodstained altar of Trog.
  5518 | D:6      | Found an iron altar of Okawaru.
  5664 | D:6      | Reached skill level 5 in Dodging
  5707 | D:6      | Found a shadowy altar of Dithmenos.
  6068 | D:7      | Reached XP level 9. HP: 61/65 MP: 0/0
  6068 | D:7      | Learned a level 3 spell: Inner Flame
  6283 | D:6      | Reached skill level 5 in Armour
  6428 | D:7      | Reached skill level 1 in Shields
  6476 | D:7      | Reached skill level 7 in Long Blades
  6677 | D:7      | Reached **** piety under Trog
  6952 | D:7      | Found Timyc's Jewellery Shoppe.
  7045 | D:7      | Reached XP level 10. HP: 65/72 MP: 0/0
  7087 | D:7      | Found a staircase to the Ecumenical Temple.
  7479 | D:8      | Reached skill level 5 in Evocations
  7863 | D:8      | Reached skill level 8 in Long Blades
  8561 | D:9      | Found an ornate altar of the Wu Jian Council.
  9018 | D:9      | Found a staircase to the Orcish Mines.
  9019 | D:9      | Found a stormy altar of Qazlal.
  9065 | D:9      | Reached ***** piety under Trog
  9503 | D:9      | Noticed Maggie
  9519 | D:9      | Killed Maggie
  9772 | D:10     | Entered Level 10 of the Dungeon
  9778 | D:10     | Noticed a yaktaur
  9780 | D:10     | Noticed a komodo dragon
  9791 | D:9      | Reached XP level 11. HP: 54/79 MP: 0/0
  9791 | D:9      | Learned a level 4 spell: Manifold Assault
  9936 | D:10     | Noticed a boulder beetle
  9953 | D:10     | Killed a boulder beetle
 10077 | D:10     | Reached skill level 9 in Long Blades
 10223 | D:10     | Noticed a centaur warrior
 10232 | D:10     | Killed a centaur warrior
 10289 | D:10     | Noticed a two-headed ogre
 10298 | D:10     | Killed a two-headed ogre
 10684 | D:10     | Reached skill level 5 in Shields
 10952 | Orc:1    | Entered Level 1 of the Orcish Mines
 11391 | Orc:1    | Reached XP level 12. HP: 84/86 MP: 0/0
 11462 | Orc:1    | Noticed Maurice
 11469 | Orc:1    | Killed Maurice
 11520 | Orc:1    | Noticed Erolcha
 11535 | Orc:1    | Killed Erolcha
 11536 | Orc:1    | Reached skill level 10 in Long Blades
 11825 | Orc:2    | Entered Level 2 of the Orcish Mines
 11899 | Orc:2    | Noticed an orc warlord
 11918 | Orc:2    | Killed an orc warlord
 11948 | Orc:2    | Received a gift from Trog
 12196 | Orc:2    | Noticed an orc high priest
 12199 | Orc:2    | Noticed a sun demon
 12206 | Orc:2    | Noticed Blork the orc
 12209 | Orc:2    | Killed an orc high priest
 12213 | Orc:2    | Killed Blork the orc
 12214 | Orc:2    | Reached skill level 11 in Long Blades
 12230 | Orc:2    | Noticed an orc warlord
 12282 | Orc:2    | Killed an orc warlord
 12287 | Orc:2    | Mangled by an orc warrior

Illustrated notes

Levels and vault maps discovered:
D:1:      dpeg_arrival_tiny_d, layout_basic, dreamdust_ecumenical_altar_statues
D:2:      layout_rooms
D:3:      layout_loops_ring, nicolae_hepliaklqana_hazy_memory,
          serial_co_window_serial, co_window_paths_a, co_window_paths_a,
          co_window_corner_a, co_window_corner_a, co_window_paths_a,
          co_window_cross_1, co_window_paths_b, co_window_2corner,
          co_window_2corner, co_window_corner_b, glass_columns_b,
          glass_columns_a, glass_columns_a, kennysheep_generic_room_2, uniq_ijyb
D:4:      layout_layer_cave, mainiacjoe_overflow_tiny_flanked,
          corexii_leaking_fountain, minmay_misc_feat_ornament
D:5:      layout_loops_ring, mainiacjoe_overflow_brackets,
          nicolae_figureground_sparkle
D:6:      layout_cave_pods, amethyst_overflow_temple_binary,
          grunt_temple_overflow_bloody_war
D:7:      layout_cave_pools, minmay_temple_entry_waves, serial_gnoll_camp,
          gnoll_camp_huts_moat, gnoll_camp_mini_shop, gnoll_camp_mini_doghouse,
          gnoll_camp_mini_loothouse
D:8:      layout_loops_ring
D:9:      layout_basic, lemuel_crystal_altar, mainiacjoe_overflow_24_doors,
          orc_0_dummy, uniq_maggie
D:10:     layout_roguey, kennysheep_cross_bottleneck, minmay_checkerbox
D:11:     layout_loops_ring, david_lair_generic,
          portal_ice_cave_entry_ice_simulacra
Orc:1:    layout_caves, mines1_david, uniq_erolcha, uniq_maurice
Orc:2:    grunt_orc_cross, layout_caves, gammafunk_ghost_necromancy

Skill      XL: |  1  2  3  4  5  6  7  8  9 10 11 12 |
---------------+-------------------------------------+-----
Long Blades    | 3 4 5 6 7 8 9 11 | 11.6
Dodging        | 3 4 5 6 7 8 |  8.7
Armour         | 3 4 5 6 7 |  7.9
Evocations     | 1 2 3 4 5 6 7 |  7.3
Fighting       | 4 5 6 7 8 |  8.4
Shields        | 2 3 5 6 |  6.0

Action                     |  1- 3 |  4- 6 |  7- 9 | 10-12 || total
---------------------------+-------+-------+-------+-------++-------
  Melee: Falchion          |    96 |    10 |       |       ||   106
         Punch             |     2 |     1 |     3 |       ||     6
         Rapier            |       |    61 |       |       ||    61
         Demon blade       |       |    71 |   240 |   502 ||   813
  Throw: Boomerang         |       |       |     9 |    56 ||    65
 Invoke: Berserk           |     1 |     1 |     4 |     4 ||    10
         Trog's Hand       |       |       |     1 |     3 ||     4
  Evoke: Wand              |       |       |     5 |     9 ||    14
         Condenser vane    |       |       |       |     1 ||     1
    Use: Scroll            |       |     8 |     7 |    11 ||    26
         Potion            |       |       |       |     2 ||     2
   Stab: Sleeping          |     3 |     1 |       |       ||     4
 Armour: Animal skin       |     8 |       |       |       ||     8
         Ring mail         |     6 |    12 |       |       ||    18
         Leather armour    |       |    24 |     4 |       ||    28
         Scale mail        |       |       |   112 |    29 ||   141
         Swamp dragon scal |       |       |       |    39 ||    39
  Dodge: Dodged            |    67 |    91 |   139 |   186 ||   483
  Block: Other             |     6 |    36 |    31 |       ||    73
         Reflection        |       |     1 |    10 |    34 ||    45
         Kite shield       |       |       |   123 |   438 ||   561

Table legend: (Time is in decaauts)
 A = Elapsed time spent in this place.
 B = Non-inter-level travel time spent in this place.
 C = Inter-level travel time spent in this place.
 D = Time resting spent in this place.
 E = Time spent auto-exploring this place.
 F = Levels seen in this place.
 G = Mean time per level.
                   A        B        C        D        E       F      G
               +--------+--------+--------+--------+--------+-----+--------+
         Total |  12438 |  11792 |    646 |   1096 |   8254 |  13 |  956.8 |
       Dungeon |  11098 |  10494 |    604 |   1050 |   7409 |  11 | 1008.9 |
  Orcish Mines |   1340 |   1298 |     42 |     46 |    845 |   2 |  670.0 |
               +--------+--------+--------+--------+--------+-----+--------+

Top non-repeatable levels by time:
     D:9: 1481 daAuts
     D:7: 1470 daAuts
     D:6: 1298 daAuts
     D:4: 1246 daAuts
     D:5: 1201 daAuts
    D:10: 1040 daAuts
     D:3: 1034 daAuts
     D:1: 966 daAuts
   Orc:1: 916 daAuts
     D:8: 801 daAuts
     D:2: 529 daAuts
   Orc:2: 423 daAuts
    D:11: 28 daAuts
